 Dungeon Crawl Stone Soup version 0.30-a0-672-gc3a7216ad8 (webtiles) character file.

Game seed: 4318719288515177240

429 Juicyj the Trooper (level 6, -1/56 HPs)
             Began as a Minotaur Fighter on Jan 18, 2023.
             Was a Believer of Zin.
             Killed from afar by an orc wizard (7 damage)
             ... with a magic dart
             ... on level 5 of the Dungeon.
             The game lasted 00:05:34 (3452 turns).

Juicyj the Trooper (Minotaur Fighter)               Turns: 3452, Time: 00:05:34

Health: -1/56      AC: 14    Str: 23    XL:     6   Next: 66%
Magic:  5/5        EV:  9    Int:  5    God:    Zin [**....]
Gold:   231        SH:  5    Dex:  9    Spells: 5/5 levels left

rFire   . . .      SeeInvis .    a - +0 flail (protect)
rCold   . . .      Faith    .    c - +0 buckler
rNeg    . . .      Spirit   .    b - +0 scale mail
rPois   .          Reflect  .    (helmet restricted)
rElec   .          Harm     .    (no cloak)
rCorr   .          Rampage  .    (no gloves)
Will    .....                    (no boots) Stlth
                                 (no amulet)
HPRegen 0.29/turn                (no ring)
MPRegen 0.09/turn                (no ring)

@: under a protective aura
A: horns 2, retaliatory headbutt
a: Renounce Religion, Recite, Vitalisation, Donate Gold


You were on level 5 of the Dungeon.
You worshipped Zin.
Zin was pleased with you.
You visited 1 branch of the dungeon, and saw 5 of its levels.

You collected 256 gold pieces.
You donated 25 gold pieces to Zin.

Inventory:

Hand Weapons
 a - a +0 flail of protection (weapon)
Armour
 b - a +0 scale mail (worn)
 c - a +0 buckler (worn)
Jewellery
 i - a +4 ring of protection
 j - a +4 ring of slaying
 n - a +6 ring of intelligence
Scrolls
 e - 2 scrolls of brand weapon
 l - a scroll of silence {unknown}
 m - a scroll of fear {unknown}
 o - a scroll of teleportation {unknown}
 q - a scroll of enchant weapon {unknown}
 s - a scroll of blinking {unknown}
 t - 2 scrolls of fog {unknown}
Potions
 d - a potion of might
 f - a potion of curing
 h - a potion of magic
 p - a potion of flight {unknown}
 r - a potion of brilliance {unknown}


   Skills:
 + Level 5.5 Fighting
 + Level 4.8 Maces & Flails
 + Level 5.4 Armour
 + Level 5.5 Shields


You had 5 spell levels left.
You didn't know any spells.
Your spell library contained the following spells:

 Spells                   Type           Power      Damage    Failure   Level
 Apportation              Tloc           0%         N/A       86%         1
 Necrotise                Necr           0%         1d4       86%         1
 Summon Small Mammal      Summ           0%         N/A       86%         1
 Ensorcelled Hibernation  Hex/Ice        0%         N/A       94%         2
 Passwall                 Tmut/Erth      0%         N/A       94%         2
 Sublimation of Blood     Necr           0%         N/A       94%         2
 Wereblood                Tmut           0%         N/A       94%         2
 Ozocubu's Armour         Ice            0%         N/A       99%         3
 Swiftness                Air            0%         N/A       99%         3
 Ozocubu's Refrigeration  Ice            0%         4d7       100%        7
 Summon Hydra             Summ           0%         N/A       100%        7


Dungeon Overview and Level Annotations

Branches:
Dungeon (5/15)             Temple (0/1) D:4

Altars:
Fedhas
Makhleb
Trog
Zin

Shops:
D:2 (


Innate Abilities, Weirdness & Mutations

You have a pair of horns on your head.
You reflexively headbutt those who attack you in melee.


Message History

The howler monkey hits you.
You closely miss something. Your headbutt misses something. Something hits you.
You hear some strange, mumbled words.
A puff of flame appears from out of thin air!
The puff of flame hits you!
* * * LOW HITPOINT WARNING * * *
The howler monkey hits you.
* * * LOW HITPOINT WARNING * * *
Something hits you.
* * * LOW HITPOINT WARNING * * *
Something hits you.
* * * LOW HITPOINT WARNING * * *
You hit something but do no damage.
Your weapon exudes an aura of protection.
The howler monkey hits you but does no damage.
Something hits you.
* * * LOW HITPOINT WARNING * * *
Something hits you but does no damage.
The howler monkey hits you but does no damage.
You feel better.
The howler monkey hoots and howls with incredible vigour!
Something hits you but does no damage.
You hear some strange, mumbled words.
A magic dart appears from out of thin air!
The magic dart hits you.
* * * LOW HITPOINT WARNING * * *
You hear a shout! x2
You barely miss something.
The howler monkey hoots and howls with incredible vigour!
You block something's attack. Something hits you but does no damage.
You hit something.
Your weapon exudes an aura of protection.
An orc wizard appears from thin air!
Reactivating autopickup.
The howler monkey hits you but does no damage.
Something hits you but does no damage.
Deactivating autopickup; reactivate with Ctrl-A.
The orc wizard points at you and mumbles some strange words.
The magic dart hits you!
You die...

..... ..... ..... ....
..... ..... #..# .....
....###..## .....
#........ .....
#.......# .......
#.......## .......
##.....h..# ..
...#...###......@..###..
...###..#......o{.......
...)###.#.......).......
...###............$.....
....##..................
...##...........).......
........#.#......)......
.#####.#..###...........
.## # ##)#######.......


You could see a howler monkey (catching breath) and an orc wizard.

Vanquished Creatures
  An ogre (D:5)
  A howler monkey (D:5)
  2 hounds
  A jelly (D:5)
  Terence (D:3)
  An orc wizard (D:4)
  Robin (D:3)
  3 adders
  2 dart slugs
  A worm (D:3)
  9 orcs
  8 bats
  7 endoplasms
  3 giant cockroaches
  18 goblins
  13 hobgoblins
  3 jackals (D:4)
  9 kobolds
  2 quokkas
  11 ball pythons
  3 frilled lizards
  9 rats
109 creatures vanquished.

Notes
Turn   | Place    | Note
-------+----------+-------------------------------------------
     0 | D:1      | Juicyj the Minotaur Fighter began the quest for the Orb.
     0 | D:1      | Reached XP level 1. HP: 19/19 MP: 0/0
    80 | D:1      | Reached XP level 2. HP: 23/27 MP: 1/1
   569 | D:1      | Reached XP level 3. HP: 33/33 MP: 2/2
  1150 | D:2      | Found Ehazymil's Antique Weapon Boutique.
  1347 | D:2      | Reached XP level 4. HP: 41/41 MP: 3/3
  1387 | D:2      | Found a faded altar of an unknown god.
  1817 | D:3      | Found a burning altar of Makhleb.
  1823 | D:3      | Found a glowing silver altar of Zin.
  1823 | D:3      | Noticed an angel
  1823 | D:3      | Noticed a cacodemon
  1831 | D:3      | Became a worshipper of Zin the Law-Giver
  1831 | D:3      | Reached * piety under Zin
  2005 | D:3      | Noticed Terence
  2015 | D:3      | Killed Terence
  2056 | D:3      | Noticed Robin
  2077 | D:3      | Reached XP level 5. HP: 14/45 MP: 4/4
  2102 | D:3      | Killed Robin
  2312 | D:3      | Reached ** piety under Zin
  2325 | D:3      | Found a blossoming altar of Fedhas.
  3083 | D:4      | Reached skill level 5 in Fighting
  3083 | D:4      | Reached skill level 5 in Armour
  3083 | D:4      | Reached skill level 5 in Shields
  3097 | D:4      | Found a staircase to the Ecumenical Temple.
  3148 | D:4      | Found a bloodstained altar of Trog.
  3252 | D:5      | Entered Level 5 of the Dungeon
  3285 | D:5      | Reached XP level 6. HP: 56/56 MP: 5/5
  3452 | D:5      | Killed from afar by an orc wizard

Illustrated notes

Levels and vault maps discovered:
D:1:      wander_arrival_fairy_ring, layout_loops_corners, minmay_ruptured
D:2:      layout_basic, hellmonk_ecumenical_altar_inner_sanctum, serial_shops,
          shop, grunt_ministairs_6, minivault_19
D:3:      layout_rooms, grunt_temple_overflow_order_and_chaos_2,
          lemuel_doored_altar, uniq_robin, uniq_terence
D:4:      layout_loops_ring, trog_book, temple_hall
D:5:      kennysheep_windowed_halls, layout_cave_pools,
          ebering_ghost_inner_flame

Skill      XL: |  1  2  3  4  5 |
---------------+----------------+-----
Shields        | 4 5 |  5.5
Armour         | 4 5 |  5.4
Fighting       | 4 5 |  5.5
Maces & Flails | 3 4 |  4.8

Action                   |  1- 3 |  4- 6 || total
-------------------------+-------+-------++-------
Melee: Flail             |    91 |   145 ||   236
       Headbutt          |    17 |    24 ||    41
  Use: Potion            |       |     5 ||     5
       Scroll            |       |     2 ||     2
Armor: Scale mail        |    51 |   115 ||   166
Dodge: Dodged            |    46 |    73 ||   119
Block: Buckler           |    23 |    36 ||    59

Table legend: (Time is in decaauts)
 A = Elapsed time spent in this place.
 B = Non-inter-level travel time spent in this place.
 C = Inter-level travel time spent in this place.
 D = Time resting spent in this place.
 E = Time spent auto-exploring this place.
 F = Levels seen in this place.
 G = Mean time per level.
                   A        B        C        D        E       F      G
               +--------+--------+--------+--------+--------+-----+--------+
         Total |   3511 |   3333 |    178 |    126 |   2591 |   5 |  702.2 |
       Dungeon |   3511 |   3333 |    178 |    126 |   2591 |   5 |  702.2 |
               +--------+--------+--------+--------+--------+-----+--------+

Top non-repeatable levels by time:
     D:2: 924 daAuts
     D:1: 921 daAuts
     D:4: 824 daAuts
     D:3: 636 daAuts
     D:5: 205 daAuts
